 Dungeon Sprint DCSS version 0.30-a0-123-g91d0c66ccf (webtiles) character file.

Game seed: 5881739406276539624

7416 mhtbhm the Earth Mage (level 11, -7/61 HPs)
             Began as a Gargoyle Earth Elementalist on Sept 17, 2022.
             Was the Champion of Vehumet.
             Killed by a reflected stone arrow
             ... reflected by Donald
             ... in the Dungeon (Sprint III: "The Ten Rune Challenge").
             The game lasted 00:07:13 (1853 turns).

mhtbhm the Earth Mage (Gargoyle Earth Elementalist) Turns: 1853, Time: 00:07:13

Health: -7/61      AC: 16    Str: 11    XL:     11   Next: 14%
Magic:  15/30      EV: 13    Int: 21    God:    Vehumet [******]
Gold:   2702       SH:  0    Dex: 10    Spells: 23/41 levels left

rFire   . . .      SeeInvis .    f - +2 dagger (venom)
rCold   . . .      Faith    .    (no shield)
rNeg    + + .      Spirit   .    a - +2 robe {rN+}
rPois   ∞          Reflect  .    (no helmet)
rElec   +          Harm     .    (no cloak)
rCorr   .          Rampage  .    (no gloves)
Will    .....      NoTele   +    (no boots)
Stlth   +++.......               (no amulet)
HPRegen 0.20/turn                h - +4 ring of protection
MPRegen 0.22/turn                (no ring)

@: flying
A: sickness immunity, AC +8, negative energy resistance 1, electricity
resistance, torment resistance 1, petrification resistance, big wings, wild
magic 1, MP-powered wands
a: Renounce Religion


You were in the Dungeon.
You worshipped Vehumet.
Vehumet was exalted by your worship.
You visited 1 branch You collected 3566 gold pieces.
You spent 864 gold pieces at shops.

Inventory:

Hand Weapons
 f - a +2 dagger of venom (weapon)
Armour
 a - a +2 robe of positive energy (worn)
Jewellery
 h - a +4 ring of protection (left hand)
Wands
 m - a wand of digging (5)
Scrolls
 i - 2 scrolls of torment {unknown}
 j - 3 scrolls of identify
Potions
 b - 2 potions of magic
 c - 2 potions of curing
 e - a potion of might
 k - 4 potions of flight
 l - a potion of mutation
Miscellaneous
 d - a condenser vane


   Skills:
 + Level 4.3 Fighting
 + Level 5.7 Dodging
 + Level 6.0 Stealth
 + Level 0.4 Unarmed Combat
 + Level 15.7 Spellcasting
 + Level 6.0 Conjurations
 + Level 2.1 Transmutations
 + Level 0.9 Fire Magic
 + Level 0.8 Air Magic
 + Level 20.1 Earth Magic
 + Level 1.0 Poison Magic
 + Level 1.3 Evocations


You had 23 spell levels left.
You knew the following spells:

 Your Spells              Type           Power      Damage    Failure   Level
a - Sandblast             Erth           100%       2d20      1%          1
b - Passwall              Tmut/Erth      58%        N/A       1%          2
c - Stone Arrow           Conj/Erth      100%       3d13      1%          3
d - Petrify               Tmut/Erth      70%        N/A       1%          4
e - Mephitic Cloud        Conj/Pois/Air  35%        N/A       1%          3
f - Fireball              Conj/Fire      20%        3d10      9%          5

Your spell library contained the following spells:

 Spells                   Type           Power      Damage    Failure   Level
 Fulminant Prism          Conj/Hex       19%        3d11      4%          4
 Magic Dart               Conj           100%       1d8       1%          1
 Iskenderun's Battlesphe  Conj           53%        2d10      3%          5
 Hailstorm                Conj/Ice       38%        3d9       4%          4
 Call Imp                 Summ           21%        N/A       9%          2
 Ice Form                 Ice/Tmut       27%        N/A       30%         4
 Conjure Ball Lightning   Conj/Air       20%        3x3d6     38%         6
 Orb of Destruction       Conj           26%        9d9       56%         7
 Simulacrum               Ice/Necr       10%        N/A       100%        6


Dungeon Overview and Level Annotations

Branches:
Dungeon (1/1)

Altars:
Cheibriados
Dithmenos
Elyvilon
Fedhas
Gozag
Hepliaklqana
Kikubaaqudgha
Makhleb
Nemelex Xobeh
Okawaru
Qazlal
Ru
Sif Muna
Trog
Uskayaw
Vehumet
Wu Jian
Xom
Yredelemnul
Zin
The Shining One
Jiyva
Lugonu

Shops:
D :

Annotations:
D Donald, Frances


Innate Abilities, Weirdness & Mutations

You are immune to sickness and miasma.
Your stone body is resilient. (AC +8)
You are immune to poison.
You resist negative energy. (rN+)
You are resistant to electric shocks. (rElec)
You are resistant to unholy torment.
You are immune to petrification.
Your large and strong wings let you fly.
Your spells are a little harder to cast, but a little more powerful.
You expend magic power (3 MP) to strengthen your wands.


Message History

Aim: Donald, wielding a +2 war axe of holy wrath, wearing a +0 scale mail and wearing a +0 kite shield of reflection (noxious fumes, lightly wounded, fast, strong, reflecting blocked projectiles, 84% to hit)
The stone arrow hits Donald!
Donald is moderately wounded.
Donald is engulfed in noxious fumes. x2
Unknown command.
Casting: Stone Arrow (safe; 1% risk of failure)
Confirm with . or Enter, or press ? or * to list all spells.
Okay, then.
Okay, then.
Okay, then.
Casting: Stone Arrow (safe; 1% risk of failure)
Confirm with . or Enter, or press ? or * to list all spells.
Aiming: Stone Arrow (safe; 1% risk of failure)
Press: ? - help, Shift-Dir - straight line, f/p - Donald
Aim: Donald, wielding a +2 war axe of holy wrath, wearing a +0 scale mail and wearing a +0 kite shield of reflection (moderately wounded, fast, strong, reflecting blocked projectiles, 84% to hit)
Okay, then.
Casting: Stone Arrow (safe; 1% risk of failure)
Confirm with . or Enter, or press ? or * to list all spells.
Okay, then.
Casting: Stone Arrow (safe; 1% risk of failure)
Confirm with . or Enter, or press ? or * to list all spells.
Aiming: Mephitic Cloud (safe; 1% risk of failure)
Press: ? - help, Shift-Dir - straight line, f/p - Donald
Aim: Donald, wielding a +2 war axe of holy wrath, wearing a +0 scale mail and wearing a +0 kite shield of reflection (moderately wounded, fast, strong, reflecting blocked projectiles, chance to affect: 34%)
The ball explodes into a vile cloud!
The stinking cloud engulfs Donald but does no damage.
Donald is moderately wounded.
The stinking cloud engulfs you but does no damage.
Donald is engulfed in noxious fumes.
Frances is engulfed in noxious fumes.
Frances chants phrases taken from a devil's mouth.
The iron shot misses you.
Unknown command.
Casting: Mephitic Cloud (safe; 1% risk of failure)
Confirm with . or Enter, or press ? or * to list all spells.
Aiming: Stone Arrow (safe; 1% risk of failure)
Press: ? - help, Shift-Dir - straight line, f/p - Donald
Aim: Donald, wielding a +2 war axe of holy wrath, wearing a +0 scale mail and wearing a +0 kite shield of reflection (noxious fumes, water, moderately wounded, fast, strong, reflecting blocked projectiles, 84% to hit)
Donald reflects the stone arrow off his +0 kite shield of reflection!
The stone arrow hits you!
You die...

.......#._∩###....#
######'#)).##.#####
#__#...#'########################
#__#...#..§§§'.#.')..'.#.#.#.'...
#__#...#.#§§§#.#.#...##.#.#.##†..
#__#...'.#§§§#.#.#)..#.#.#.#.#...
#__'...#.#.§§#...#...##.#.#.##...
▓▓▓▓▓▓▓▓▓▓▓▓▓▓▓▓▓▓▓▓▓#.#.#.#.#...
~~........~@§°☼@##.#.#.##...
≈≈≈≈≈≈≈≈≈≈≈@♣♣P☼'.#.#.#.#...
♣♣♣♣♣♣♣♣♣♣♣♣♣♣PP##.#.#.#####
♣♣♣##'##### ... #...# #...# #####


You could see Frances and Donald (fast, strong, reflecting).

Vanquished Creatures
  Josephine (D)
  A centaur warrior (D)
  An orc high priest (D)
  2 orc knights (D)
  A deep elf pyromancer (D)
  An orc sorcerer (D)
  An unseen horror (D)
  3 wandering mushrooms (D)
  A queen bee (D)
  A shadow (D)
  A spatial vortex (D)
  3 orc warriors (D)
  2 centaurs (D)
  An earth elemental (D)
  A necrophage (D)
  A water elemental (D)
  32 killer bees (D)
  4 orc priests (D)
  A jelly (D)
  Jessica (D)
  A necromancer (D)
  A wizard (D)
  A kobold demonologist (D)
  3 humans (D)
  A wolf (D)
  7 orcs (D)
  An endoplasm (D)
  2 rats (D)
77 creatures vanquished.

Notes
Turn   | Place    | Note
-------+----------+-------------------------------------------
     0 | D        | mhtbhm the Gargoyle Earth Elementalist began the quest for
                  | the Orb.
     0 | D        | Reached XP level 1. HP: 10/10 MP: 3/3
     8 | D        | Reached skill level 4 in Earth Magic
    42 | D        | Noticed Jessica
    48 | D        | Killed Jessica
    49 | D        | Reached skill level 6 in Earth Magic
    49 | D        | Reached XP level 2. HP: 14/15 MP: 0/6
    49 | D        | Reached XP level 3. HP: 18/19 MP: 0/7
   147 | D        | Learned a level 2 spell: Passwall
   151 | D        | Learned a level 3 spell: Stone Arrow
   266 | D        | Reached skill level 7 in Earth Magic
   266 | D        | Reached XP level 4. HP: 17/24 MP: 5/9
   376 | D        | Gained mutation: You are vulnerable to heat. (rF-) [potion
                  | of mutation]
   376 | D        | Gained mutation: Your movements are slightly less
                  | encumbered by armour. (ER -2) [potion of mutation]
   376 | D        | Gained mutation: You are covered in fur. (AC +1) [potion of
                  | mutation]
   376 | D        | Gained mutation: You are robust. (+10% HP) [potion of
                  | mutation]
   377 | D        | Lost mutation: You are covered in fur. (AC +1) [potion of
                  | mutation]
   377 | D        | Lost mutation: Your movements are slightly less encumbered
                  | by armour. (ER -2) [potion of mutation]
   377 | D        | Lost mutation: You are robust. (+10% HP) [potion of
                  | mutation]
   377 | D        | Gained mutation: You have hidden genetic potential. [potion
                  | of mutation]
   377 | D        | Lost mutation: You have hidden genetic potential. [potion
                  | of mutation]
   377 | D        | Gained mutation: You have sharp toenails. [potion of
                  | mutation]
   378 | D        | Lost mutation: You have sharp toenails. [potion of
                  | mutation]
   378 | D        | Lost mutation: You are vulnerable to heat. (rF-) [potion of
                  | mutation]
   378 | D        | Gained mutation: You sometimes lose your temper in combat.
                  | [potion of mutation]
   378 | D        | Gained mutation: You occasionally lose the ability to drink
                  | potions when taking damage. [potion of mutation]
   378 | D        | Gained mutation: You are covered in fur. (AC +1) [potion of
                  | mutation]
   379 | D        | Lost mutation: You occasionally lose the ability to drink
                  | potions when taking damage. [potion of mutation]
   379 | D        | Lost mutation: You sometimes lose your temper in combat.
                  | [potion of mutation]
   379 | D        | Lost mutation: You are covered in fur. (AC +1) [potion of
                  | mutation]
   379 | D        | Gained mutation: Your large and strong wings let you fly.
                  | [potion of mutation]
   379 | D        | Gained mutation: You expend magic power (3 MP) to
                  | strengthen your wands. [potion of mutation]
   379 | D        | Gained mutation: Your spells are a little harder to cast,
                  | but a little more powerful. [potion of mutation]
   487 | D        | Learned a level 4 spell: Petrify
   489 | D        | Noticed a water elemental
   491 | D        | Killed a water elemental
   492 | D        | Reached skill level 8 in Earth Magic
   492 | D        | Reached XP level 5. HP: 28/28 MP: 6/12
   539 | D        | Found a radiant altar of Vehumet.
   539 | D        | Found a shimmering blue altar of Sif Muna.
   539 | D        | Found an ancient bone altar of Kikubaaqudgha.
   541 | D        | Reached skill level 5 in Spellcasting
   541 | D        | Reached skill level 9 in Earth Magic
   546 | D        | Became a worshipper of Vehumet
   574 | D        | Found a basalt altar of Yredelemnul.
   574 | D        | Found a shadowy altar of Dithmenos.
   574 | D        | Found a sacrificial altar of Ru.
   576 | D        | Reached skill level 10 in Earth Magic
   578 | D        | Reached XP level 6. HP: 33/33 MP: 10/15
   668 | D        | Found a glowing silver altar of Zin.
   668 | D        | Found a glowing golden altar of the Shining One.
   668 | D        | Found a white marble altar of Elyvilon.
   668 | D        | Noticed a deep elf pyromancer
   671 | D        | Noticed a fire elemental
   671 | D        | Killed a deep elf pyromancer
   671 | D        | Reached * piety under Vehumet
   671 | D        | Offered knowledge of Magic Dart by Vehumet.
   672 | D        | Reached skill level 1 in Fighting
   672 | D        | Reached skill level 5 in Stealth
   672 | D        | Reached skill level 13 in Earth Magic
   672 | D        | Reached XP level 7. HP: 38/38 MP: 11/19
   724 | D        | Found a hide-covered altar of Uskayaw.
   724 | D        | Found an iron altar of Okawaru.
   724 | D        | Found a bloodstained altar of Trog.
   724 | D        | Found an ornate altar of the Wu Jian Council.
   724 | D        | Noticed a human
   724 | D        | Noticed a human
   726 | D        | Killed a human
   727 | D        | Reached skill level 14 in Earth Magic
   728 | D        | Killed a human
   729 | D        | Reached skill level 5 in Dodging
   729 | D        | Reached XP level 8. HP: 43/43 MP: 18/21
   736 | D        | Noticed a shadow
   740 | D        | Killed a shadow
   740 | D        | Reached ** piety under Vehumet
   741 | D        | Reached skill level 15 in Earth Magic
   746 | D        | Found a blossoming altar of Fedhas.
   746 | D        | Found a stormy altar of Qazlal.
   747 | D        | Found a snail-covered altar of Cheibriados.
   747 | D        | Found a burning altar of Makhleb.
   747 | D        | Found a hazy altar of Hepliaklqana.
   747 | D        | Found a shimmering altar of Xom.
   747 | D        | Found an opulent altar of Gozag.
   747 | D        | Found a sparkling altar of Nemelex Xobeh.
   747 | D        | Found a corrupted altar of Lugonu.
   747 | D        | Found a viscous altar of Jiyva.
   751 | D        | Reached skill level 10 in Spellcasting
   758 | D        | Noticed Josephine
   770 | D        | Killed Josephine
   771 | D        | Reached skill level 16 in Earth Magic
   771 | D        | Reached XP level 9. HP: 10/49 MP: 8/24
  1029 | D        | Found Isurghapp's Book Emporium.
  1029 | D        | Noticed an orc high priest
  1029 | D        | Noticed an orc knight
  1030 | D        | Noticed an orc knight
  1031 | D        | Offered knowledge of Shock by Vehumet.
  1031 | D        | Reached *** piety under Vehumet
  1031 | D        | Noticed an orc sorcerer
  1035 | D        | Killed an orc knight
  1036 | D        | Reached skill level 1 in Conjurations
  1036 | D        | Reached skill level 17 in Earth Magic
  1036 | D        | Reached **** piety under Vehumet
  1038 | D        | Killed an orc high priest
  1042 | D        | Reached skill level 18 in Earth Magic
  1043 | D        | Reached ***** piety under Vehumet
  1045 | D        | Reached XP level 10. HP: 56/56 MP: 9/27
  1047 | D        | Killed an orc sorcerer
  1047 | D        | Killed an orc knight
  1167 | D        | Bought a book of Minor Magic for 216 gold pieces
  1167 | D        | Bought a book of the Spheres for 648 gold pieces
  1171 | D        | Learned a level 3 spell: Mephitic Cloud
  1177 | D        | Learned a level 5 spell: Fireball
  1243 | D        | Offered knowledge of Kindle Blastsparks by Vehumet.
  1297 | D        | Noticed a centaur warrior
  1302 | D        | Killed a centaur warrior
  1303 | D        | Reached skill level 1 in Transmutations
  1303 | D        | Reached skill level 19 in Earth Magic
  1303 | D        | Reached skill level 1 in Evocations
  1305 | D        | Reached ****** piety under Vehumet
  1416 | D        | Killed an unseen horror
  1416 | D        | Offered knowledge of Dazzling Flash by Vehumet.
  1602 | D        | Offered knowledge of Fulminant Prism by Vehumet.
  1604 | D        | Reached skill level 15 in Spellcasting
  1604 | D        | Reached skill level 5 in Conjurations
  1604 | D        | Reached XP level 11. HP: 59/61 MP: 28/30
  1609 | D        | Reached skill level 1 in Poison Magic
  1629 | D        | Reached skill level 20 in Earth Magic
  1836 | D        | Noticed Donald
  1836 | D        | Noticed Frances
  1847 | D        | HP: 1/61 [Donald/+2 war axe of holy wrath (22)]
  1853 | D        | Killed by a reflected stone arrow
                  | ... reflected by Donald

Illustrated notes

Levels and vault maps discovered:
D:        dungeon_sprint_mu [sprint_mu_entry_cave, sprint_mu_temple_rooms,
          sprint_mu_d1_horrors, sprint_mu_d2_genie, sprint_mu_d3_branching,
          sprint_mu_orc_legion, sprint_mu_elf_gauntlet, sprint_mu_hive_nellie,
          sprint_mu_lair_fedhas, sprint_mu_vaults_butterflies,
          sprint_mu_slime_circle, sprint_mu_shoals_archi,
          sprint_mu_snake_twists, sprint_mu_blade_basic, sprint_mu_crypt_lich,
          sprint_mu_tomb_spiral, sprint_mu_vestibule_basic,
          sprint_mu_gehenna_hellfire, sprint_mu_dis_giant,
          sprint_mu_tartarus_statrot, sprint_mu_cocytus_islands, sprint_mu_zot1]

Skill      XL: |  1  2  3  4  5  6  7  8  9 10 11 |
---------------+----------------------------------+-----
Earth Magic    | 6 7 8 10 13 14 16 18 19 20 | 20.1
Dodging        | 2 3 4 5 |  5.7
Spellcasting   | 3 4 6 8 9 11 13 15 | 15.7
Stealth        | 3 4 5 6 |  6.0
Fighting       | 1 2 3 4 |  4.3
Conjurations   | 2 5 6 |  6.0
Transmutations | 2 |  2.1
Evocations     | 1 |  1.3
Poison Magic   | 1 |  1.0
Unarmed Combat | |  0.4
Fire Magic     | |  0.9
Air Magic      | |  0.8

Action                   |  1- 3 |  4- 6 |  7- 9 | 10-12 || total
-------------------------+-------+-------+-------+-------++-------
Melee: Unarmed           |     1 |       |       |       ||     1
 Cast: Sandblast         |    12 |     9 |    24 |    36 ||    81
       Stone Arrow       |       |     2 |    10 |    30 ||    42
       Mephitic Cloud    |       |       |       |     9 ||     9
       Passwall          |       |       |       |     3 ||     3
       Fireball          |       |       |       |     1 ||     1
Evoke: Condenser vane    |       |       |     1 |     2 ||     3
  Use: Potion            |     1 |     4 |     2 |     1 ||     8
       Scroll            |       |       |       |     1 ||     1
Armor: Robe              |     2 |       |     5 |    34 ||    41
Dodge: Dodged            |     7 |       |     7 |    13 ||    27

Table legend: (Time is in decaauts)
 A = Elapsed time spent in this place.
 B = Non-inter-level travel time spent in this place.
 C = Inter-level travel time spent in this place.
 D = Time resting spent in this place.
 E = Time spent auto-exploring this place.
 F = Levels seen in this place.
 G = Mean time per level.
                   A        B        C        D        E       F      G
               +--------+--------+--------+--------+--------+-----+--------+
         Total |   1894 |   1894 |      0 |   1282 |     15 |   1 | 1894.0 |
       Dungeon |   1894 |   1894 |      0 |   1282 |     15 |   1 | 1894.0 |
               +--------+--------+--------+--------+--------+-----+--------+

Top non-repeatable levels by time:
       D: 1894 daAuts
